 Dungeon Crawl Stone Soup version 0.32-a0-898-g7811c86cf0 (webtiles) character file.

Game seed: 15906045388810673417

52486 Griffin23 the Fencer (level 14, -1/132 HPs)
             Began as a Minotaur Fighter on Apr 4, 2024.
             Was a High Priest of Okawaru.
             Slain by a tyrant leech (19 damage)
             ... on level 5 of the Lair of Beasts.
             The game lasted 00:40:21 (20642 turns).

Griffin23 the Fencer (Minotaur Fighter)            Turns: 20642, Time: 00:40:22

Health: -1/132     AC: 24    Str: 29    XL:     14   Next: 27%
Magic:  16/17      EV:  6    Int:  5    God:    Okawaru [*****.]
Gold:   375        SH: 12    Dex: 19    Spells: 13/13 levels left

rFire   . . .        a - +0 long sword
rCold   . . .        o - +1 kite shield {AC+3}
rNeg    . . .        D - +0 plate armour
rPois   .            (helmet restricted)
rElec   .            k - +0 cloak
rCorr   .            P - +0 pair of gloves
SInv    .            G - +0 pair of boots
Will    +....        (no amulet) Stlth
                     R - +6 ring of dexterity
HPRegen 0.42/turn    v - +6 ring of strength
MPRegen 0.15/turn

%: no passive effects
@: no status effects
A: horns 2, retaliatory headbutt
a: Renounce Religion, Heroism, Finesse, Duel


You were on level 5 of the Lair of Beasts.
You worshipped Okawaru.
Okawaru was extremely pleased with you.
You visited 3 branches of the dungeon, and saw 17 of its levels.

You collected 962 gold pieces.
You spent 587 gold pieces at shops.

Inventory:

Hand Weapons
 a - a +0 long sword (weapon)
 F - a +0 scimitar
Missiles
 l - 4 boomerangs (quivered)
 Q - 9 javelins
 S - a silver javelin
Armour
 b - a +0 scale mail
 c - a +0 buckler
 k - a +0 cloak (worn)
 o - a +1 kite shield of protection (worn)
 D - a +0 plate armour (worn)
 G - a +0 pair of boots (worn)
 P - a +0 pair of gloves (worn)
Jewellery
 r - a ring of willpower
 v - a +6 ring of strength (right hand)
 H - a ring of resist corrosion
 R - a +6 ring of dexterity (left hand)
 Z - a ring of protection from cold
Wands
 p - a wand of iceblast (2)
 s - a wand of flame (19)
 K - a wand of acid (2)
 L - a wand of polymorph (4)
 U - a wand of mindburst (7)
Scrolls
 d - 2 scrolls of vulnerability
 g - 8 scrolls of teleportation
 h - 2 scrolls of silence
 i - a scroll of identify
 j - 2 scrolls of fear {unknown}
 m - 4 scrolls of immolation
 n - a scroll of enchant weapon {unknown}
 q - 3 scrolls of amnesia
 t - 2 scrolls of enchant armour
 w - 3 scrolls of poison
 y - 4 scrolls of fog
 z - a scroll of summoning {unknown}
 E - 5 scrolls of noise
 T - a scroll of revelation
Potions
 f - 2 potions of brilliance {unknown}
 u - 3 potions of magic
 x - 3 potions of haste {unknown}
 A - 4 potions of mutation
 B - 2 potions of resistance {unknown}
 C - a potion of lignification
 I - a potion of invisibility {unknown}
 J - 2 potions of berserk rage {unknown}
 M - 8 potions of curing
 N - 3 potions of attraction {unknown}
 O - 4 potions of enlightenment {unknown}
 V - a potion of cancellation {unknown}
 X - 3 potions of ambrosia
 Y - a potion of might


   Skills:
 + Level 14.2 Fighting
 * Level 18.8 Long Blades
 + Level 5.5 Throwing
 + Level 14.0 Armour
 - Level 8.0 Shields
 + Level 5.3 Invocations
 + Level 4.8 Evocations


You had 13 spell levels left.
You didn't know any spells.
Your spell library contained the following spells:

 Spells                   Type           Power      Damage    Failure   Level
 Apportation              Tloc           0%         N/A       99%         1
 Necrotise                Necr           0%         1d4       99%         1
 Slow                     Hex            0%         N/A       99%         1
 Sting                    Conj/Alch      0%         1d3       99%         1
 Mercury Vapours          Alch/Air       0%         N/A       100%        2
 Confusing Touch          Hex            0%         N/A       100%        3
 Dazzling Flash           Conj/Hex       0%         N/A       100%        3
 Hailstorm                Conj/Ice       0%         3d5       100%        3
 Mephitic Cloud           Conj/Alch/Air  0%         N/A       100%        3
 Vampiric Draining        Necr           0%         2d6       100%        3
 Freezing Cloud           Conj/Ice/Air   0%         6-21      100%        5
 Permafrost Eruption      Ice/Erth       0%         2x4d1     100%        6
 Starburst                Conj/Fire      0%         6d3       100%        6
 Maxwell's Capacitive Co  Air            0%         ∞         100%        8
 Summon Small Mammal      Summ           Unusable   N/A       N/A         1
 Summon Ice Beast         Ice/Summ       Unusable   N/A       N/A         3
 Sculpt Simulacrum        Ice/Alch       Unusable   N/A       N/A         6

Dungeon Overview and Level Annotations

Branches:
Dungeon (11/15)            Temple (1/1) D:6            Lair (5/5) D:11
 Shoals (0/4) Lair:3       Spider (0/4) Lair:2        Slime (0/5) Lair:4
    Orc (0/2) D:9

Altars:
Ashenzari
Cheibriados
Dithmenos
Elyvilon
Fedhas
Gozag
Hepliaklqana
Kikubaaqudgha
Makhleb
Nemelex Xobeh
Okawaru
Qazlal
Ru
Sif Muna
Trog
Uskayaw
Vehumet
Wu Jian
Xom
Yredelemnul
Zin
The Shining One
Jiyva

Shops:
D:8 !!*(

Annotations:
D:8 1 runed translucent door, NotBatman's ghost, novice GrBe
D:11 2 transporters, ragingrage's ghost, journeyman OnSh
Lair:2 3 runed translucent doors, Foddiron's ghost, journeyman CoBe; Phot0n's ghost, journeyman MiBe; Rudyous's ghost, journeyman BaFE


Innate Abilities, Weirdness & Mutations

You have a pair of horns on your head.
You reflexively headbutt those who attack you in melee.


Message History

The torpor snail is almost dead.
The iceblast engulfs the tyrant leech!
The tyrant leech is heavily wounded.
You hear an angry buzzing noise. x2
Aiming: Corrosive Bolt
Press: ? - help, Shift-Dir - straight line, f - tyrant leech, p - torpor snail
Aim: a tyrant leech (heavily wounded, 57% to hit)
The bolt of acid hits the torpor snail!
The acid corrodes the torpor snail!
You kill the torpor snail!
Okawaru accepts your kill.
The bolt of acid misses the tyrant leech. x2
You feel yourself speed up.
Aiming: Corrosive Bolt
Press: ? - help, Shift-Dir - straight line, f/p - tyrant leech
Aim: a tyrant leech (heavily wounded, 57% to hit)
Okay, then.
Aiming: Iceblast
Press: ? - help, Shift-Dir - straight line, f/p - tyrant leech
Aim: a tyrant leech (heavily wounded)
The mass of ice explodes!
The iceblast engulfs the tyrant leech!
The tyrant leech is severely wounded.
The iceblast engulfs the tyrant leech!!
The tyrant leech is almost dead.
You hear an angry buzzing noise.
You hear a roar!
You hit the tyrant leech but do no damage.
The tyrant leech is almost dead.
You barely miss the tyrant leech. Your headbutt misses the tyrant leech.
The tyrant leech is almost dead.
The tyrant leech bites you but does no damage.
You slash the tyrant leech!
You kill the tyrant leech!
Okawaru accepts your kill. The tyrant leech closely misses you.
You furiously retaliate!
You headbutt the tyrant leech! You slash the tyrant leech!
The tyrant leech is almost dead.
You barely miss the tyrant leech.
The tyrant leech is almost dead.
The tyrant leech bites you!!
You die...

. ##.#....
#......#.##.. ...
#.#...# #..#...#.#
## #...####...#
###.....##
#......P.####
##..###
#..†....#.##
#....##
#.#.P....#.##
###...##
####....#.#
###...## ##..†w.##
#.##...#
#..#..@.####....##
....###...##...###
....## ##......##
#### #..P.###
######


You could see a tyrant leech.

Vanquished Creatures
  3 hydras
  2 two-headed ogres
  7 death yaks
  Nergalle (Lair:1)
  A skyshark (Lair:1)
  A fire crab (Lair:4)
  A skeletal warrior (Arena)
  A lindwurm (Lair:2)
  Pikel (D:4)
  3 harpies (Lair:3)
  An ugly thing (D:11)
  2 manticores (D:11)
  12 elephants
  2 black mambas
  4 torpor snails
  A gargoyle (D:11)
  13 cane toads
  5 rime drakes
  9 komodo dragons
  A kobold demonologist (D:11)
  A tyrant leech (Lair:5)
  A troll (D:9)
  5 polar bears
  A polar bear (shapeshifter) (D:11)
  3 hornets
  9 blink frogs
  14 dream sheep
  5 slime creatures (D:10)
  Sigmund (D:3)
  A culicivora (Lair:2)
  2 shadows
  6 wyverns
  66 yaks
  Eustachio (D:6)
  6 basilisks
  6 steam dragons
  A redback (Lair:2)
  10 water moccasins
  2 acid dragons
  Duvessa (D:4)
  5 orc warriors
  12 wolves
  4 centaurs
  2 black bears
  A kobold brigand (D:7)
  16 bullfrogs
  3 scorpions
  4 wights (D:8)
  Dowan (D:4)
  6 killer bees (D:9)
  3 howler monkeys (D:8)
  A jelly (D:4)
  A bombardier beetle (D:3)
  8 orc priests
  2 hounds
  Natasha (D:2)
  A sleepcap (D:5)
  Terence (D:2)
  13 orc wizards
  4 iguanas
  A mummy (D:5)
  Robin (D:2)
  10 adders
  2 shadow imps
  A white imp (D:5)
  4 dart slugs
  2 ribbon worms
  69 orcs
  6 ball pythons
  6 bats
  5 endoplasms
  6 giant cockroaches
  14 goblins
  12 hobgoblins
  2 jackals (D:2)
  6 quokkas
  2 frilled lizards (D:1)
  2 hobgoblin zombies (D:5)
  11 kobolds
  2 kobold zombies (D:5)
  3 rats
469 creatures vanquished.

Vanquished Creatures (others)
  A water moccasin (Lair:4)
  An orc wizard (D:6)
2 creatures vanquished.

Grand Total: 471 creatures vanquished

Notes
Turn   | Place    | Note
-------+----------+-------------------------------------------
     0 | D:1      | Griffin23 the Minotaur Fighter began the quest for the Orb.
     0 | D:1      | Reached XP level 1. HP: 19/19 MP: 0/0
   158 | D:1      | Reached XP level 2. HP: 27/27 MP: 1/1
   280 | D:1      | Reached skill level 3 in Long Blades
   388 | D:1      | Reached XP level 3. HP: 33/33 MP: 2/2
   938 | D:2      | Noticed Terence
   938 | D:2      | Noticed Natasha
   942 | D:2      | Killed Natasha
   943 | D:2      | Reached XP level 4. HP: 25/40 MP: 3/3
   945 | D:2      | Killed Terence
   946 | D:2      | Reached skill level 4 in Long Blades
  1372 | D:2      | Reached XP level 5. HP: 30/47 MP: 4/4
  1450 | D:2      | Noticed Robin
  1476 | D:2      | Killed Robin
  1760 | D:3      | Noticed Sigmund
  1775 | D:3      | Killed Sigmund
  1776 | D:3      | Reached skill level 5 in Fighting
  1776 | D:3      | Reached skill level 5 in Long Blades
  1776 | D:3      | Reached skill level 5 in Armour
  1776 | D:3      | Reached XP level 6. HP: 46/56 MP: 5/5
  1820 | D:3      | Reached skill level 5 in Shields
  2444 | D:4      | Noticed Duvessa
  2448 | D:4      | Noticed Dowan
  2462 | D:4      | Killed Duvessa
  2463 | D:4      | Reached skill level 6 in Long Blades
  2463 | D:4      | Reached XP level 7. HP: 6/61 MP: 6/6
  2476 | D:4      | Killed Dowan
  2663 | D:4      | Found a blossoming altar of Fedhas.
  2672 | D:4      | Found a stormy altar of Qazlal.
  2889 | D:4      | Noticed Pikel
  2902 | D:4      | Killed Pikel
  2903 | D:4      | Reached skill level 7 in Long Blades
  2903 | D:4      | Reached XP level 8. HP: 47/70 MP: 7/7
  3090 | D:5      | Entered Level 5 of the Dungeon
  3172 | D:5      | Found a broken altar of Ashenzari.
  3187 | D:5      | Reached skill level 8 in Long Blades
  4022 | D:6      | Reached skill level 9 in Long Blades
  4116 | D:6      | Noticed Eustachio
  4118 | D:6      | Found a staircase to the Ecumenical Temple.
  4276 | D:6      | Killed Eustachio
  4277 | D:6      | Reached XP level 9. HP: 71/79 MP: 8/8
  4321 | Temple   | Entered the Ecumenical Temple
  4342 | Temple   | Became a worshipper of Warmaster Okawaru
  4753 | D:7      | Reached skill level 10 in Long Blades
  5115 | D:7      | Reached * piety under Okawaru
  5713 | D:8      | Reached skill level 11 in Long Blades
  5750 | D:8      | Found Tekhlikhoy's Distillery.
  5766 | D:8      | Bought a potion of heal wounds for 65 gold pieces
  5776 | D:8      | Reached ** piety under Okawaru
  5915 | D:8      | Found Xadoqan's Distillery.
  5928 | D:8      | Reached XP level 10. HP: 90/90 MP: 9/9
  6046 | D:8      | Found Yntona's General Store.
  6128 | D:8      | Identified the +8 spear "Olirch" {speed, Will+ Dex+4}
  6128 | D:8      | Noticed NotBatman's ghost (novice GrBe)
  6129 | D:8      | Found a runed translucent door.
  6239 | D:8      | Found Emofabaf's Weapon Boutique.
  6583 | D:9      | Noticed a two-headed ogre
  6594 | D:9      | Killed a two-headed ogre
  6595 | D:9      | Reached skill level 12 in Long Blades
  7240 | D:9      | Reached *** piety under Okawaru
  7728 | D:9      | Found a staircase to the Orcish Mines.
  7757 | D:9      | Reached skill level 10 in Fighting
  7847 | D:9      | Reached skill level 13 in Long Blades
  7930 | D:10     | Entered Level 10 of the Dungeon
  8054 | D:10     | Reached skill level 10 in Armour
  8310 | D:10     | Reached **** piety under Okawaru
  8311 | D:10     | Reached XP level 11. HP: 79/101 MP: 10/10
  8559 | D:10     | Noticed a two-headed ogre
  8574 | D:10     | Killed a two-headed ogre
  8665 | D:9      | Reached skill level 14 in Long Blades
  8938 | D:11     | Noticed a sixfirhy
  9491 | D:11     | Found a transporter.
  9501 | D:11     | Noticed ragingrage's ghost (journeyman OnSh)
  9501 | D:11     | Noticed a centaur warrior
  9509 | D:11     | Noticed a brown ugly thing
  9518 | D:11     | Noticed a boulder beetle
  9520 | D:11     | Killed a brown ugly thing
  9520 | D:11     | Reached ***** piety under Okawaru
  9526 | D:11     | Noticed a tengu warrior
  9849 | D:11     | Reached skill level 15 in Long Blades
  9893 | D:11     | Found a staircase to the Lair.
  9945 | D:11     | Found a transporter.
 10074 | D:11     | Noticed a skeletal warrior
 10074 | D:11     | Noticed an entropy weaver
 10273 | Arena    | Entered the Arena
 10278 | Arena    | Killed a skeletal warrior
 11480 | Lair:1   | Entered Level 1 of the Lair of Beasts
 11511 | Lair:1   | Reached XP level 12. HP: 107/112 MP: 11/11
 11573 | Lair:1   | Reached skill level 16 in Long Blades
 12136 | Lair:1   | Noticed Nergalle
 12153 | Lair:1   | Killed Nergalle
 12305 | Lair:1   | Received a gift from Okawaru
 12930 | Lair:2   | Found a runed translucent gate.
 12931 | Lair:2   | Found a runed translucent gate.
 12932 | Lair:2   | Found a runed translucent gate.
 12935 | Lair:2   | Noticed Rudyous's ghost (journeyman BaFE)
 12935 | Lair:2   | Noticed Phot0n's ghost (journeyman MiBe)
 12935 | Lair:2   | Noticed Foddiron's ghost (journeyman CoBe)
 12961 | Lair:2   | Reached skill level 1 in Throwing
 13080 | Lair:2   | Reached skill level 1 in Invocations
 13080 | Lair:2   | Reached skill level 1 in Evocations
 13105 | Lair:2   | Reached skill level 17 in Long Blades
 13528 | Lair:2   | Received a gift from Okawaru
 13830 | Lair:2   | Found a hole to the Spider Nest.
 14279 | D:8      | Bought a scroll of identify for 26 gold pieces
 14279 | D:8      | Bought a scroll of identify for 26 gold pieces
 14279 | D:8      | Bought a potion of heal wounds for 65 gold pieces
 14311 | D:8      | Bought a potion of heal wounds for 75 gold pieces
 14311 | D:8      | Bought 2 potions of curing for 90 gold pieces
 14311 | D:8      | Bought a potion of curing for 45 gold pieces
 14420 | D:8      | Bought a potion of ambrosia for 104 gold pieces
 14420 | D:8      | Bought a potion of curing for 39 gold pieces
 14420 | D:8      | Bought a potion of might for 52 gold pieces
 14691 | Lair:3   | Noticed an eight-headed hydra
 14701 | Lair:3   | Killed a nine-headed hydra
 14921 | Lair:3   | Reached XP level 13. HP: 76/122 MP: 13/13
 15533 | Lair:3   | Found a staircase to the Shoals.
 15541 | Lair:3   | Received a gift from Okawaru
 16835 | Lair:4   | Reached skill level 18 in Long Blades
 16848 | Lair:4   | Found a staircase to the Slime Pits.
 16849 | Lair:4   | Found a viscous altar of Jiyva.
 17353 | Lair:5   | Entered Level 5 of the Lair of Beasts
 17377 | Lair:4   | Received a gift from Okawaru
 17832 | Lair:4   | HP: 3/123 [death yak (9)]
 18462 | Lair:4   | HP: 2/123 [dream sheep (9)]
 19218 | Lair:4   | Received a gift from Okawaru
 19549 | Lair:5   | Reached XP level 14. HP: 132/132 MP: 16/16
 19585 | Lair:5   | Reached skill level 5 in Throwing
 19626 | Lair:5   | Reached skill level 5 in Invocations
 20642 | Lair:5   | Slain by a tyrant leech

Illustrated notes

Levels and vault maps discovered:
D:1:      lemuel_arrival_muddy, layout_basic
D:2:      layout_basic, uniq_robin, uniq_terence, uniq_natasha
D:3:      layout_basic, chequers_serial_rivers_room_a, uniq_sigmund
D:4:      layout_rooms, grunt_temple_overflow_forces_of_nature, uniq_duvessa,
          uniq_pikel
D:5:      layout_rooms, evilmike_ruin_ashenzari, minmay_mini_ossuary
D:6:      layout_rooms, minmay_temple_entry_ruins, uniq_eustachio
D:7:      layout_basic
D:8:      layout_basic, ebering_ghost_funeral_grove, serial_shops,
          nicolae_shop_real_fake_doors, nicolae_square_shop,
          nicolae_shop_industrial_runoff, nicolae_shop_rolling_square
D:9:      layout_loops_cross, hiddenorc2_lemuel
D:10:     layout_cave_pools
D:11:     layout_layer_cave, erik_lair_dragon, nzn_ghost_randoct,
          minmay_mirror_moons_of_madness
Temple:   compressed_dpeg_triangle_lava_temple
Lair:1:   layout_hall_layers, serial_bayou_shore_b, uniq_nergalle
Lair:2:   layout_chaotic_city, spider_nest_entry_rubble,
          gammafunk_ghost_cemetery, st_stairs_13
Lair:3:   layout_roguey, nicolae_shoals_entry_roost
Lair:4:   layout_cave_pods, slime_entry_1
Lair:5:   wormcave, layout_big_grid, guppyfry_lair_end_dragon,
          grunt_megastairs_1, lemuel_fruit_tree

Skill      XL: |  1  2  3  4  5  6  7  8  9 10 11 12 13 14 |
---------------+-------------------------------------------+-----
Long Blades    | 3 4 5 6 7 9 11 13 15 17 18 | 18.8
Fighting       | 4 5 6 7 8 10 11 13 14 | 14.2
Armour         | 4 5 6 7 8 10 11 13 14 | 14.0
Shields        | 4 5 6 7 8 |  8.0
Throwing       | 2 4 5 |  5.5
Invocations    | 2 4 5 |  5.3
Evocations     | 2 4 |  4.8

Action                     |  1- 3 |  4- 6 |  7- 9 | 10-12 | 13-15 || total
---------------------------+-------+-------+-------+-------+-------++-------
  Melee: Long sword        |    87 |   130 |   236 |       |   267 ||   720
         Headbutt          |    12 |    27 |    77 |   218 |   183 ||   517
         Scimitar          |       |       |   129 |   880 |   306 ||  1315
  Throw: Boomerang         |       |     1 |     3 |       |       ||     4
 Invoke: Heroism           |       |       |     1 |     8 |     8 ||    17
         Duel              |       |       |       |     1 |       ||     1
         Finesse           |       |       |       |       |     2 ||     2
  Evoke: Wand              |       |       |    14 |    11 |    22 ||    47
    Use: Potion            |       |     2 |     2 |     2 |     6 ||    12
         Scroll            |       |       |     8 |     2 |     9 ||    19
 Armour: Scale mail        |    80 |   102 |   142 |       |       ||   324
         Plate armour      |       |       |    66 |   696 |   584 ||  1346
  Dodge: Dodged            |    36 |    33 |    96 |   178 |   185 ||   528
  Block: Buckler           |    14 |       |       |       |       ||    14
         Kite shield       |     5 |    66 |   221 |   548 |   523 ||  1363

Table legend: (Time is in decaauts)
 A = Elapsed time spent in this place.
 B = Non-inter-level travel time spent in this place.
 C = Inter-level travel time spent in this place.
 D = Time resting spent in this place.
 E = Time spent auto-exploring this place.
 F = Levels seen in this place.
 G = Mean time per level.
                   A        B        C        D        E       F      G
               +--------+--------+--------+--------+--------+-----+--------+
         Total |  20455 |  19242 |   1213 |   2912 |  12592 |  18 | 1136.4 |
       Dungeon |  11822 |  10876 |    946 |    757 |   7915 |  11 | 1074.7 |
        Temple |     45 |     45 |      0 |      0 |     12 |   1 |   45.0 |
          Lair |   8568 |   8301 |    267 |   2141 |   4665 |   5 | 1713.6 |
         Arena |     19 |     19 |      0 |     14 |      0 |   1 |   19.0 |
               +--------+--------+--------+--------+--------+-----+--------+

Top non-repeatable levels by time:
  Lair:4: 3613 daAuts
    D:11: 2646 daAuts
     D:8: 1575 daAuts
  Lair:3: 1478 daAuts
  Lair:2: 1369 daAuts
  Lair:1: 1239 daAuts
     D:7: 993 daAuts
    D:10: 951 daAuts
     D:9: 922 daAuts
     D:5: 918 daAuts
     D:2: 885 daAuts
  Lair:5: 867 daAuts
     D:1: 792 daAuts
     D:4: 762 daAuts
     D:3: 723 daAuts
